cohdb
Replays
Latest Replays
All Replays
Popular Replays
Top Player Replays
Match Explorer
How It Works
Community
CoH3 Stats
Reddit
Sign in to upload your games and track your stats! →
Sign in with Steam
Match 45242233
Unlisted
Match 45242233
Overview
Messages
Build Orders
End
Construct Weapon Support Center
Scout Squad
M1919 Machine Gun Team
Selects Armored Battlegroup
Selects Assault Engineers
M1919 Machine Gun Team
Assault Engineer Squad
Mechanized Support Center
Assault Engineer Squad
Construct Motor Pool
M8 Greyhound Armored Car
Selects Strength in Steel
M8 Greyhound Armored Car
Selects M31 Recovery Vehicle
Construct Barracks
Riflemen Squad
Riflemen Squad
Riflemen Squad
Construct Medical Station
M1918 Browning Automatic Rifles
Designate Forward Repair Station
Construct Tank Depot
Bazooka Squad
Bazooka Squad
wila
抹茶生椰椰
MG22
低分国人=菜还嘴臭
西伯利亚银狐
勇者
Captain Song
Pleiades
0
0
Comments
sign in to comment!
No comments posted yet!